 Dungeon Crawl Stone Soup version 0.20-a0-1122-gb7cbeb9 (webtiles) character file.

684815 JeffiDaFish the Hoplite (level 27, -5/169 HPs)
             Began as a Gargoyle Fighter on May 10, 2017.
             Was the Champion of Okawaru.
             Killed from afar by an orb of fire (32 damage)
             ... with a fireball
             ... on level 5 of the Realm of Zot on May 11, 2017.
             The game lasted 04:16:21 (78961 turns).

JeffiDaFish the Hoplite (Gargoyle Fighter)         Turns: 78961, Time: 04:16:21

Health: -5/169     AC: 64    Str: 33    XL:     27
Magic:  16/33      EV: 19    Int:  9    God:    Okawaru [******]
Gold:   4986       SH: 39    Dex: 24    Spells: 37/56 levels left

rFire    + + .     SeeInvis +   o - +12 trident of Ru's Hatred {freeze, rF+ rC+ rN+++ Int-2}
rCold    + + +     Gourm    .   L - +7 large shield "Suffed" {rC++}
rNeg     + + +     Faith    .   O - +9 storm dragon scales of the Okapi {rElec rPois Str+3}
rPois    ∞         Spirit   .   B - +2 helmet {SInv}
rElec    +         Reflect  .   U - +4 dragonskin cloak
rCorr    .         Harm     .   l - +2 pair of gloves
MR       +++..     Rnd*Rage +   R - +1 pair of boots {run}
Stlth    ..........             m - amulet "Hycy" {+Rage rC++ Str+3 Int+2}
Regen    0.4/turn               j - ring of Sofyck {+Blink rN+ MR+ MP-9 Str+5}
MPRegen  0.3/turn               C - +6 ring of dexterity

@: flying, slowed, studying 2 skills, very slow
A: big wings, talons 1, iridescent scales 1, large bone plates 1, berserk 2,
blurry vision 1, cold resistance 1, deformed body, dopey 1, frail 1, negative
energy resistance 1, electricity resistance, unbreathing, petrification
resistance, rot immunity, MP-powered wands, AC +20
}: 3/15 runes: decaying, serpentine, silver
a: Stop Flying, Heroism, Finesse, Renounce Religion, Evoke Blink, Evoke Berserk
Rage


You were on level 5 of the Realm of Zot.
You worshipped Okawaru.
Okawaru was exalted by your worship.
You were not hungry.

You visited 9 branches of the dungeon, and saw 49 of its levels.
You also visited: Trove, Ice Cave, Volcano and Wizlab.

You collected 6891 gold pieces.
You spent 1905 gold pieces at shops.

Inventory:

Hand Weapons
 o - the +12 trident of Ru's Hatred (weapon) {freeze, rF+ rC+ rN+++ Int-2}
   (You found it on level 9 of the Dungeon)

   It has been specially enchanted to freeze those struck by it, causing extra
   injury to most foes and up to half again as much damage against particularly
   susceptible opponents.
   It can also slow down cold-blooded creatures.
   It affects your intelligence (-2).
   It protects you from fire.
   It protects you from cold.
   It renders you almost immune to negative energy.
 F - a +4 demon whip of electrocution
Armour
 l - a +2 pair of gloves (worn)
 x - the +2 cloak of Zeriogug {Str+4 Int+3}
   (You found it in a wizard's laboratory)

   It affects your strength (+4).
   It affects your intelligence (+3).
 B - a +2 helmet of see invisible (worn)
 L - the +7 large shield "Suffed" (worn) {rC++}
   (Okawaru gifted it to you on level 12 of the Dungeon)

   It greatly protects you from cold.
 O - the +9 storm dragon scales of the Okapi (worn) {rElec rPois Str+3}
   (You bought it in a shop on level 2 of the Orcish Mines)

   It affects your strength (+3).
   It insulates you from electricity.
   It protects you from poison.
 Q - a +2 pair of boots of stealth
 R - a +1 pair of boots of running (worn)
 T - a +2 crystal plate armour
 U - the +4 dragonskin cloak (worn)
   (You took it off Tiamat on level 3 of the Realm of Zot)
Jewellery
 g - the ring of Bozil {rElec rF+ rC+ rN+ Str+3}
   (You found it on level 4 of the Depths)

   [ring of strength]

   It affects your strength (+3).
   It protects you from fire.
   It protects you from cold.
   It insulates you from electricity.
   It protects you from negative energy.
 j - the ring of Sofyck (left hand) {+Blink rN+ MR+ MP-9 Str+5}
   (You found it in a treasure trove)

   [ring of protection from magic]

   It affects your strength (+5).
   It protects you from negative energy.
   It affects your resistance to hostile enchantments.
   It affects your magic capacity (-9).
   It lets you blink.
 m - the amulet "Hycy" (around neck) {+Rage rC++ Str+3 Int+2}
   (You took it off a yaktaur on level 5 of the Vaults)

   [amulet of rage]

   It affects your strength (+3).
   It affects your intelligence (+2).
   It greatly protects you from cold.
   It lets you go berserk.
 C - a +6 ring of dexterity (right hand)
 J - the ring of Qiutash {rF- rN+ Int+4 Dex+7}
   (You found it in a treasure trove)

   [ring of positive energy]

   It affects your intelligence (+4).
   It affects your dexterity (+7).
   It makes you vulnerable to fire.
   It protects you from negative energy.
Scrolls
 c - 9 scrolls of fog
 i - a scroll of identify
 n - 19 scrolls of remove curse
 p - a scroll of holy word
 q - 12 scrolls of teleportation
 t - 3 scrolls of amnesia
 u - a scroll of summoning
 v - a scroll of enchant weapon
 y - 4 scrolls of blinking
 z - 8 scrolls of recharging
 A - 2 scrolls of silence
 I - 9 scrolls of fear
 N - a scroll of brand weapon
Potions
 b - 4 potions of magic
 d - 5 potions of cancellation
 e - 2 potions of berserk rage
 w - a potion of curing
 D - 2 potions of agility
 H - 4 potions of haste
 M - a potion of resistance
 S - a potion of might
Books
 G - a book of the Warp

   Spells                             Type                      Level
   a - Gell's Gravitas                Translocation                3
   b - Portal Projectile              Hexes/Translocation          3
   c - Force Lance                    Conjuration/Translocation    4
   d - Dispersal                      Translocation                6
   e - Controlled Blink               Translocation                8
   f - Disjunction                    Translocation                8
 W - a manual of Spellcasting
 X - a manual of Dodging
Comestibles
 f - 20 bread rations
 h - 19 royal jellies
 r - 35 fruits
 E - 15 meat rations
 K - 8 chunks of flesh


   Skills:
 * Level 23.3 Fighting
 + Level 18.0 Maces & Flails
 + Level 18.4 Polearms
 * Level 23.8 Armour
 + Level 10.0 Dodging
 - Level 1.2 Stealth
 * Level 24.5 Shields
 + Level 15.1 Spellcasting
 - Level 1.2 Conjurations
 + Level 14.5 Translocations
 - Level 0.5 Air Magic
 - Level 0.2 Poison Magic
 - Level 7.5 Evocations


You had 37 spell levels left.
You knew the following spells:

 Your Spells              Type           Power        Failure   Level  Hunger
a - Mephitic Cloud        Conj/Pois/Air  #.......     41%         3    #......
b - Blink                 Tloc           N/A          1%          2    None
c - Dispersal             Tloc           ####......   8%          6    ######.
d - Disjunction           Tloc           ####......   97%         8    #######


Dungeon Overview and Level Annotations

Branches:
Dungeon (15/15)            Temple (0/1) D:6            Lair (6/6) D:11
  Swamp (4/4) Lair:2        Snake (4/4) Lair:2        Slime (0/5) Lair:6
    Orc (2/2) D:9             Elf (3/3) Orc:2        Vaults (5/5) D:14
  Crypt (0/3) Vaults:2     Depths (5/5) D:15            Zot (5/5) Depths:5

Altars:
Ashenzari
Dithmenos
Elyvilon
Fedhas
Hepliaklqana
Kikubaaqudgha
Makhleb
Nemelex Xobeh
Okawaru
Qazlal
Ru
Sif Muna
Trog
Xom
Zin
Beogh
Jiyva

Shops:
D:3 *   Orc:2 [(%*}   Elf:3 [?*:   Snake:1 =   Snake:4 ?   Vaults:3 [
Depths:1 =   Depths:3 }   Depths:5 =}=

Portals:
Hell: Depths:1 Depths:2* Depths:3 Depths:4 Depths:5
Abyss: Depths:4
Pandemonium: Depths:1 Depths:3
Ziggurat: Depths:1

Annotations:
Lair:6 exclusion: 4 oklob plants


Innate Abilities, Weirdness & Mutations

You are resistant to torment.
Your stone body is resilient. (AC +20)
You are immune to poison.
Your large and strong wings let you fly indefinitely.
You resist negative energy. (rN+)
You are resistant to electric shocks. (rElec)
You can survive without breathing.
You are immune to petrification.
You are immune to rotting.
You have sharp toenails.
You are partially covered in iridescent scales. (AC +2)
You are partially covered in large bone plates. (SH +4)
You often lose your temper in combat.
Scrolls take you a little longer to read.
Your flesh is cold resistant. (rC+)
Armour fits poorly on your strangely shaped body.
You are dopey. (Int -2)
You are frail. (-10% HP)
You expend magic power (3 MP) to strengthen your wands.


Message History

The bolt of fire hits you! You resist.
* * * LOW HITPOINT WARNING * * *
You closely miss the orb of fire. You barely miss the orb of fire.
Your storm dragon scales of the Okapi prevents you from hitting the orb of fire.
The orb of fire emits a lurid red light.
The bolt of fire hits you! You resist.
* * * LOW HITPOINT WARNING * * *
A golden dragon comes into view.
You feel much better.
The golden dragon roars deafeningly!
The orb of fire glows bright magenta.
The bolt of fire hits you! You resist.
* * * LOW HITPOINT WARNING * * *
The orb of fire glows red.
The fireball explodes!
The fireball engulfs you! You resist.
* * * LOW HITPOINT WARNING * * *
The orb of fire glows deep purple.
The fireball explodes!
The fireball engulfs you! You resist.
You die...

#.......## #####
#.......## #...#
###.⌠.....
####...#########.......
#........^)............
#......################
#<........# ####..<...#
#..@...# #.⌠.#### #..*#
#...# #...# #...#
#..D#** **#....,****
*,.....,,,,*


You could see an orb of fire and a golden dragon.

Vanquished Creatures
  Tiamat (Zot:3)
  5 orbs of fire
  An ancient lich (Vaults:4)
  3 juggernauts
  Saint Roka (Vaults:3)
  Bai Suzhen (Vaults:2)
  Margery (Vaults:5)
  6 curse toes
  2 Killer Klowns
  Vashnia (Snake:2)
  Nikola (Vaults:3)
  13 golden dragons
  A bone dragon (Depths:5)
  5 electric golems
  The ghost of emerson the Shatterer, an adept GrFi of Hepliaklqana (Vaults:3)
  29 tentacled monstrosities
  An Orb Guardian (Zot:5)
  5 liches
  An acid blob (shapeshifter) (Depths:4)
  3 deep elf blademasters
  A deep elf master archer (Elf:3)
  11 titans
  An eldritch tentacle (WizLab)
  4 quicksilver dragons
  2 tentacled starspawn (WizLab)
  A sphinx (shapeshifter) (Depths:4)
  Kirke (D:13)
  8 death cobs
  5 sphinxes
  The ghost of raszama the Geomancer, an adept GrEE of Cheibriados (Swamp:4)
  4 tengu reavers
  14 draconian monks
  A thorn hunter (Swamp:4)
  8 shadow dragons
  13 storm dragons
  An azure jelly (shapeshifter) (Depths:4)
  2 revenants (Vaults:2)
  The ghost of Ac the Alchemist, an adept BaTm of Makhleb (Lair:5)
  10 nagarajas
  A fire giant (shapeshifter) (Depths:4)
  The ghost of Nekbeztal the Carver, a journeyman MiFi of the Shining One (Swamp:3)
  8 draconian scorchers
  2 iron dragons (Zot:2)
  9 deep elf sorcerers
  5 ghost moths
  10 vault wardens
  11 draconian knights
  14 fire giants
  An orc warlord (Orc:2)
  A ghost moth (shapeshifter) (Depths:4)
  12 frost giants
  9 draconian annihilators
  A juggernaut zombie (Depths:3)
  10 draconian shifters
  10 ironheart preservers
  A reaper (Depths:3)
  7 deep elf elementalists (Elf:3)
  A spriggan defender (Depths:3)
  2 draconian stormcallers
  A caustic shrike skeleton (Depths:3)
  7 war gargoyles
  24 very ugly things
  25 stone giants
  2 entropy weavers
  18 green draconians
  12 black draconians
  20 red draconians
  5 deep elf demonologists
  A dire elephant (Lair:6)
  6 deep elf annihilators
  15 purple draconians
  10 yellow draconians
  16 white draconians
  An ettin (shapeshifter) (Depths:3)
  The ghost of
  31503 the Basher, a journeyman GrFi (Lair:5)
  6 deep elf death magi
  22 ettins
  A blizzard demon (Depths:1)
  14 crystal guardians (Depths:4)
  11 fire dragons
  Josephine (D:9)
  22 yaktaur captains
  10 great orbs of eyes
  9 deep elf high priests
  2 rakshasas
  27 vault guards
  13 ice dragons
  25 naga warriors
  Fannar (Orc:1)
  25 hydras
  14 centaur warriors
  A death knight (D:12)
  2 two-headed ogres (shapeshifter)
  6 spriggan air magi
  2 ghost crabs
  A satyr (shapeshifter) (Depths:4)
  2 catoblepae
  The ghost of NictusVictus the Fighter, a journeyman GrFi of Trog (Lair:1)
  17 anacondas
  42 two-headed ogres
  10 ogre magi
  38 dancing weapons
  An alligator (shapeshifter) (Depths:5)
  5 deep troll earth magi
  7 alligators
  5 death yaks (Lair:6)
  7 deep troll shamans
  An orc high priest (Vaults:2)
  27 naga sharpshooters
  6 spriggan berserkers
  10 tengu warriors
  2 vampire magi
  13 shock serpents
  A sun demon (Depths:1)
  Nergalle (D:11)
  3 sixfirhies
  6 hell knights (Vaults:5)
  7 iron trolls
  23 deep elf knights
  8 salamander mystics
  2 shadow wraiths
  A fire crab (Lair:4)
  A sea snake (shapeshifter) (Depths:4)
  A sea snake (Snake:2)
  25 skeletal warriors
  3 spriggan druids
  21 deep trolls
  A glowing orange brain (shapeshifter) (D:11)
  2 flayed ghosts
  10 glowing orange brains
  11 swamp dragons
  5 wizards
  A golden dragon zombie (Depths:3)
  3 unseen horrors
  12 lindwurms
  6 phantasmal warriors
  10 naga ritualists
  A shambling mangrove (Swamp:1)
  22 deep elf archers
  22 ironbrand convokers
  5 obsidian statues
  A lindwurm (shapeshifter) (Vaults:5)
  5 necromancers
  A harpy (Vaults:1)
  28 mana vipers
  A harpy (shapeshifter) (Elf:3)
  2 orb spiders (shapeshifter)
  3 orc sorcerers
  16 orc knights
  63 deep elf magi
  37 ugly things
  7 elephants
  3 wolf spiders
  A worldbinder (WizLab)
  2 manticores (shapeshifter)
  34 moths of wrath
  6 manticores
  17 salamanders
  Joseph (D:9)
  17 guardian serpents
  2 stone giant skeletons
  57 black mambas
  17 vault sentinels
  2 ice statues (IceCv)
  8 cyclopes
  A toenail golem (Volcano)
  An orange demon (Depths:3)
  23 naga magi
  A spiny frog (shapeshifter) (Vaults:5)
  5 molten gargoyles
  A smoke demon (WizLab)
  6 gargoyles
  A water nymph (shapeshifter) (Vaults:4)
  A hellion (WizLab)
  A demonspawn skeleton (WizLab)
  16 spiny frogs
  3 rime drakes
  2 kobold demonologists
  5 efreet
  7 komodo dragons
  5 freezing wraiths
  58 yaktaurs
  A demonic crawler (WizLab)
  A golden dragon simulacrum (Depths:3)
  3 ice devils
  2 hellwings (WizLab)
  3 tengu conjurers
  3 red devils
  2 meliai (shapeshifter)
  A troll (shapeshifter) (Elf:2)
  14 polar bears (IceCv)
  15 trolls
  An ancient zyme (WizLab)
  4 wind drakes (Depths:4)
  3 meliai (D:15)
  4 tyrant leeches
  The ghost of Burzz the Basher, an amateur MiFi (D:4)
  A wind drake (shapeshifter) (Vaults:4)
  2 jumping spiders (shapeshifter)
  A wolf spider simulacrum (D:15)
  19 hornets
  3 hornets (shapeshifter)
  Prince Ribbit (D:6)
  2 jumping spiders
  19 blink frogs
  32 slime creatures
  5 bog bodies
  2 snapping turtles (shapeshifter)
  A dream sheep (Lair:2)
  3 dream sheep (shapeshifter)
  8 raiju
  15 hippogriffs
  A spriggan (shapeshifter) (Depths:3)
  A vampire (D:9)
  A tarantella (Vaults:3)
  4 redbacks
  2 redbacks (shapeshifter)
  2 ynoxinuls (WizLab)
  17 air elementals
  10 water elementals
  16 spriggans
  9 wraiths
  16 fire elementals
  4 wyverns
  40 yaks
  4 hungry ghosts
  A hog (D:13)
  22 vampire mosquitoes
  A chaos spawn (Depths:1)
  8 basilisks
  31 swamp worms
  6 wargs
  A spatial vortex (WizLab)
  63 nagas
  A swamp worm (shapeshifter) (Depths:4)
  16 insubstantial wisps
  3 soldier ants
  4 acid dragons
  Duvessa (D:7)
  2 floating eyes (Depths:3)
  A porcupine (shapeshifter) (Depths:1)
  15 water moccasins
  A torturous demonspawn skeleton (WizLab)
  3 porcupines
  48 orc warriors
  A sky beast (D:14)
  An ogre skeleton (WizLab)
  7 ice beasts
  A black bear (D:10)
  38 ogres
  7 swamp drakes
  A black bear (shapeshifter) (Depths:4)
  An eye of draining (Lair:6)
  A sky beast (shapeshifter) (Vaults:5)
  7 starcursed masses (WizLab)
  2 eyes of draining (shapeshifter)
  An ogre (shapeshifter) (Vaults:2)
  2 phantoms
  20 wolves
  13 boggarts
  15 centaurs
  10 crocodiles
  An elf zombie (D:7)
  2 big kobolds
  14 earth elementals
  11 bullfrogs
  Dowan (D:7)
  2 small abominations
  A wyvern skeleton (D:10)
  A scorpion (D:10)
  14 killer bees
  2 human simulacra
  An orc simulacrum (Vaults:1)
  2 howler monkeys
  21 wights
  A howler monkey (shapeshifter) (Depths:4)
  An electric eel (Lair:2)
  8 crimson imps
  3 quasits
  5 centaur zombies
  5 hounds
  4 human zombies (D:7)
  A bullfrog skeleton (D:7)
  3 jellies
  27 orc priests
  2 centaur skeletons
  A human skeleton (D:7)
  3 iguanas
  26 orc wizards
  10 worker ants
  A hound zombie (D:9)
  2 hound skeletons (D:4)
  4 mummies (D:7)
  3 worker ant zombies
  8 gnolls
  11 adders
  3 shadow imps
  2 white imps
  2 adder skeletons
  18 worms
  2 ball lightnings (Depths:4)
  A dart slug (D:1)
  8 leopard geckos
  114 orcs
  5 giant cockroaches
  6 hobgoblins
  19 jackals
  6 quokkas
  A ball python (D:1)
  4 bats
  4 frilled lizards
  5 goblins
  A jackal skeleton (D:4)
  10 kobolds
  7 rats
  2 crawling corpses (Elf:3)
  A fire vortex (Volcano)
  A fungus (Lair:6)
  2 starspawn tentacles (WizLab)
2623 creatures vanquished.

Vanquished Creatures (others)
  A draconian stormcaller (Zot:4)
  A war gargoyle (Depths:4)
  A naga ritualist (Snake:4)
  A deep elf archer (Elf:3)
  A swamp dragon (Swamp:4)
  A molten gargoyle (Depths:4)
  A moth of wrath (Zot:5)
  A hornet (Swamp:1)
  A tyrant leech (Swamp:3)
  3 water elementals (Depths:4)
  A spriggan (Swamp:1)
  An air elemental (Depths:4)
  4 humans (D:13)
  A hungry ghost (D:13)
  An insubstantial wisp (Depths:4)
  3 swamp drakes (Swamp:4)
  An orc warrior (Vaults:3)
  A boggart (Depths:2)
  An ogre (Depths:3)
  An orc wizard (Vaults:3)
  A worker ant (D:13)
  9 ball lightnings (Depths:4)
  An orc (Vaults:2)
  A quokka (D:2)
  A bush (Depths:5)
  3 fungi
  5 plants
  3 starspawn tentacles (WizLab)
51 creatures vanquished.

Grand Total: 2674 creatures vanquished

Notes
Turn   | Place    | Note
-------+----------+-------------------------------------------
     0 | D:1      | JeffiDaFish the Gargoyle Fighter began the quest for the Orb.
     0 | D:1      | Reached XP level 1. HP: 14/14 MP: 1/1
   129 | D:1      | Reached XP level 2. HP: 19/19 MP: 2/2
   811 | D:2      | Reached XP level 3. HP: 12/23 MP: 3/3
  1200 | D:2      | Found a hazy altar of Hepliaklqana.
  1201 | D:2      | Found a shimmering altar of Xom.
  1201 | D:2      | Noticed an earth elemental
  1202 | D:2      | Noticed an earth elemental
  1202 | D:2      | Noticed a spectral ugly thing
  1382 | D:2      | Found a shattered altar of Ashenzari.
  1580 | D:2      | Found a sparkling altar of Nemelex Xobeh.
  1715 | D:2      | Found a white marble altar of Elyvilon.
  1965 | D:3      | Found Zin's Purification Station.
  1971 | D:3      | Found a glowing silver altar of Zin.
  2032 | D:3      | Reached skill level 4 in Shields
  2276 | D:3      | Reached XP level 4. HP: 28/29 MP: 4/4
  3094 | D:3      | Reached XP level 5. HP: 33/33 MP: 5/5
  3292 | D:4      | Noticed Burzz's ghost (amateur MiFi)
  3305 | D:4      | Killed Burzz's ghost
  3305 | D:4      | Reached skill level 1 in Dodging
  3305 | D:4      | Reached XP level 6. HP: 20/38 MP: 6/6
  3592 | D:4      | Reached XP level 7. HP: 11/43 MP: 7/7
  3880 | D:4      | Found a bloodstained altar of Trog.
  4423 | D:5      | Entered Level 5 of the Dungeon
  4444 | D:5      | Reached skill level 5 in Maces & Flails
  4519 | D:5      | Reached skill level 5 in Shields
  4570 | D:5      | Reached skill level 5 in Armour
  5042 | D:5      | Found a blossoming altar of Fedhas.
  5184 | D:6      | Found an iron altar of Okawaru.
  5201 | D:6      | Reached XP level 8. HP: 34/48 MP: 8/8
  5227 | D:6      | Became a worshipper of Warmaster Okawaru
  5474 | D:6      | Reached skill level 5 in Fighting
  5476 | D:6      | Noticed Prince Ribbit
  5488 | D:6      | Found a shadowy altar of Dithmenos.
  6032 | D:6      | Killed Prince Ribbit
  6032 | D:6      | Reached skill level 1 in Stealth
  6062 | D:6      | Found a staircase to the Ecumenical Temple.
  6228 | D:7      | Noticed Duvessa
  6228 | D:7      | Noticed Dowan
  6294 | D:7      | Killed Duvessa
  6294 | D:7      | Reached * piety under Okawaru
  6294 | D:7      | Reached skill level 6 in Shields
  6304 | D:7      | Killed Dowan
  6311 | D:7      | Gained mutation: You are partially covered in iridescent scales. (AC +2) [potion of mutation]
  6311 | D:7      | Gained mutation: Your spells are a little harder to cast, but a little more powerful. [potion of mutation]
  6701 | D:7      | Paralysed by fainting for 7 turns
  6718 | D:7      | Reached XP level 9. HP: 54/54 MP: 9/9
  6891 | D:7      | Found an ancient bone altar of Kikubaaqudgha.
  6914 | D:7      | Reached skill level 7 in Shields
  6924 | D:7      | Reached ** piety under Okawaru
  7055 | D:7      | Found a stormy altar of Qazlal.
  7155 | D:8      | Found a deep blue altar of Sif Muna.
  7242 | D:8      | Noticed a two-headed ogre
  7254 | D:8      | Killed a two-headed ogre
  7451 | D:8      | Reached XP level 10. HP: 61/61 MP: 10/10
  7485 | D:8      | Reached *** piety under Okawaru
  7519 | D:8      | Found a sacrificial altar of Ru.
  7703 | D:8      | Reached skill level 10 in Maces & Flails
  7838 | D:8      | Reached skill level 8 in Shields
  8029 | D:9      | Noticed a two-headed ogre
  8042 | D:9      | Killed a two-headed ogre
  8042 | D:9      | Reached **** piety under Okawaru
  8339 | D:9      | Noticed Joseph
  8352 | D:9      | Killed Joseph
  8463 | D:9      | Found a blossoming altar of Fedhas.
  8612 | D:9      | Found a staircase to the Orcish Mines.
  8897 | D:9      | Reached ***** piety under Okawaru
  8921 | D:9      | Reached skill level 9 in Shields
  9093 | D:9      | Noticed a cyclops
  9101 | D:9      | Killed a cyclops
  9101 | D:9      | Reached XP level 11. HP: 28/67 MP: 11/11
  9648 | D:9      | Identified the +12 trident of Ru's Hatred {freeze, rF+ rC+ rN+++ Int-2} (You found it on level 9 of the Dungeon)
  9685 | D:10     | Entered Level 10 of the Dungeon
  9802 | D:10     | Noticed a two-headed ogre
  9812 | D:10     | Killed a two-headed ogre
  9812 | D:10     | Reached skill level 1 in Polearms
 10375 | D:11     | Noticed a manticore
 10385 | D:11     | Killed a manticore
 10729 | D:11     | Reached skill level 10 in Shields
 10841 | D:11     | Found a staircase to the Lair.
 11005 | D:11     | Received a gift from Okawaru
 11553 | D:11     | Noticed a two-headed ogre
 11559 | D:11     | Killed a two-headed ogre
 11564 | D:11     | Noticed a soul eater
 11778 | D:11     | Noticed a cyclops
 11787 | D:11     | Killed a cyclops
 11921 | D:11     | Reached ****** piety under Okawaru
 11921 | D:11     | Reached skill level 5 in Polearms
 11933 | D:11     | Received a gift from Okawaru
 11933 | D:11     | Reached XP level 12. HP: 73/73 MP: 12/12
 12000 | D:11     | Noticed Nergalle
 12004 | D:11     | Noticed a two-headed ogre
 12014 | D:11     | Killed Nergalle
 12023 | D:11     | Got a scintillating diamond amulet
 12024 | D:11     | Identified the amulet "Juvos" {Harm *Drain rC+ rN++} (You found it on level 11 of the Dungeon)
 12131 | Lair:1   | Entered Level 1 of the Lair of Beasts
 12389 | Lair:1   | Noticed NictusVictus's ghost (journeyman GrFi)
 12410 | Lair:1   | Killed NictusVictus's ghost
 12571 | Lair:1   | Received a gift from Okawaru
 12587 | Lair:1   | Reached skill level 10 in Armour
 13019 | Lair:1   | Reached skill level 11 in Shields
 13324 | Lair:2   | Found a dark tunnel.
 13377 | Volcano  | Entered a volcano
 13681 | Volcano  | Received a gift from Okawaru
 13930 | Volcano  | Reached XP level 13. HP: 69/79 MP: 13/13
 14060 | Lair:2   | Found a staircase to the Snake Pit.
 14493 | Lair:2   | Found a staircase to the Swamp.
 14736 | Lair:3   | Received a gift from Okawaru
 14866 | Lair:3   | Reached skill level 12 in Shields
 15634 | Lair:4   | Reached skill level 10 in Polearms
 15826 | Lair:5   | Noticed Ac's ghost (adept BaTm)
 15921 | Lair:5   | Killed Ac's ghost
 16109 | Lair:5   | Noticed 31503's ghost (journeyman GrFi)
 16135 | Lair:5   | Killed 31503's ghost
 16135 | Lair:5   | Received a gift from Okawaru
 16166 | Lair:5   | Gained mutation: Your large and strong wings let you fly indefinitely. [Gargoyle growth]
 16166 | Lair:5   | Reached XP level 14. HP: 79/87 MP: 14/14
 16348 | Lair:5   | Reached skill level 10 in Fighting
 16625 | Lair:6   | Entered Level 6 of the Lair of Beasts
 16685 | Lair:6   | Reached skill level 1 in Evocations
 17036 | Lair:6   | Noticed a dire elephant
 17548 | Lair:6   | Killed a dire elephant
 18089 | Lair:6   | Reached skill level 13 in Shields
 18142 | Lair:6   | Received a gift from Okawaru
 18174 | Lair:6   | Found a staircase to the Slime Pits.
 18175 | Lair:6   | Found a viscous altar of Jiyva.
 18859 | D:12     | Found a shimmering altar of Xom.
 18884 | D:12     | Found a frozen archway.
 18910 | IceCv    | Entered an ice cave
 19899 | IceCv    | Noticed a white draconian
 19920 | IceCv    | Killed a white draconian
 19920 | IceCv    | Reached XP level 15. HP: 45/94 MP: 18/18
 20771 | D:12     | Received a gift from Okawaru
 20794 | D:12     | Got a smoking large shield {god gift}
 20805 | D:12     | Identified the +7 large shield "Suffed" {rC++} (Okawaru gifted it to you on level 12 of the Dungeon)
 21944 | D:13     | Noticed Kirke
 21960 | D:13     | Killed Kirke
 22291 | D:13     | Learned a level 3 spell: Mephitic Cloud
 22633 | D:14     | Received a gift from Okawaru
 22687 | D:14     | Reached skill level 14 in Shields
 22724 | D:14     | Reached skill level 1 in Conjurations
 22851 | D:14     | Reached skill level 5 in Evocations
 22929 | D:14     | Reached skill level 1 in Spellcasting
 23338 | D:14     | Found a gate to the Vaults.
 23472 | D:15     | Entered Level 15 of the Dungeon
 23501 | D:15     | Reached XP level 16. HP: 101/101 MP: 19/19
 23576 | D:15     | Received a gift from Okawaru
 24044 | D:15     | Found a staircase to the Depths.
 24521 | Orc:1    | Entered Level 1 of the Orcish Mines
 24521 | Orc:1    | Noticed Josephine
 24540 | D:9      | Killed Josephine
 24540 | D:9      | Received a gift from Okawaru
 24595 | Orc:1    | Noticed Fannar
 24631 | Orc:1    | Killed Fannar
 24783 | Orc:2    | Entered Level 2 of the Orcish Mines
 24784 | Orc:2    | Found Nocless's Food Shoppe.
 24790 | Orc:2    | Found a staircase to the Elven Halls.
 25074 | Orc:2    | Found a roughly hewn altar of Beogh.
 25186 | Orc:2    | Found a roughly hewn altar of Beogh.
 25287 | Orc:2    | Found a roughly hewn altar of Beogh.
 25320 | Orc:2    | Found a roughly hewn altar of Beogh.
 25382 | Orc:2    | Found a roughly hewn altar of Beogh.
 25392 | Orc:2    | Found Orghy's Gadget Emporium.
 25435 | Orc:2    | Found a roughly hewn altar of Beogh.
 25436 | Orc:2    | Found Yrushis's General Store.
 25686 | Orc:2    | Received a gift from Okawaru
 25730 | Orc:2    | Found Gujer's Antique Armour Shop.
 25731 | Orc:2    | Found a roughly hewn altar of Beogh.
 25732 | Orc:2    | Found Colupaw's Antique Weapon Boutique.
 25746 | Orc:2    | Bought pitted storm dragon scales for 1785 gold pieces
 25756 | Orc:2    | Identified the +9 storm dragon scales of the Okapi {rElec rPois Str+3} (You bought it in a shop on level 2 of the Orcish Mines)
 26065 | Swamp:1  | Entered Level 1 of the Swamp
 26850 | Swamp:2  | Reached skill level 15 in Shields
 27342 | Swamp:3  | Reached XP level 17. HP: 69/109 MP: 21/21
 27451 | Swamp:3  | Noticed Nekbeztal's ghost (journeyman MiFi)
 27473 | Swamp:3  | Killed Nekbeztal's ghost
 27538 | Swamp:3  | Received a gift from Okawaru
 28427 | Swamp:4  | Entered Level 4 of the Swamp
 28475 | Swamp:4  | Noticed raszama's ghost (adept GrEE)
 28522 | Swamp:4  | Killed raszama's ghost
 29096 | Swamp:4  | Received a gift from Okawaru
 29110 | Swamp:4  | Identified the +0 plate armour of Muzxuoho {rPois Regen+} (Okawaru gifted it to you on level 4 of the Swamp)
 29138 | Swamp:4  | Got a decaying rune of Zot
 29591 | Snake:1  | Entered Level 1 of the Snake Pit
 30081 | Snake:1  | Found Guuguf's Jewellery Boutique.
 30195 | Snake:1  | Reached XP level 18. HP: 107/116 MP: 24/24
 30686 | Snake:2  | Reached skill level 15 in Armour
 30799 | Snake:2  | Reached skill level 16 in Shields
 30808 | Snake:2  | Noticed Vashnia
 30868 | Snake:2  | Killed Vashnia
 30868 | Snake:2  | Received a gift from Okawaru
 31096 | Snake:1  | Reached skill level 5 in Spellcasting
 31515 | Snake:2  | Identified a scroll of acquirement
 32504 | Snake:3  | Received a gift from Okawaru
 32668 | Snake:3  | Received a gift from Okawaru
 32787 | Snake:3  | Received a gift from Okawaru
 32799 | Snake:3  | Reached XP level 19. HP: 89/123 MP: 27/27
 32877 | Snake:3  | Got a scorched demon trident {god gift}
 32878 | Snake:3  | Identified the +4 demon trident of the Eleven Songs {drain, Str+4 Int-3} (Okawaru gifted it to you on level 3 of the Snake Pit)
 33005 | Snake:4  | Entered Level 4 of the Snake Pit
 33363 | Snake:4  | Found a burning altar of Makhleb.
 33422 | Snake:4  | Received a gift from Okawaru
 33426 | Snake:4  | Reached skill level 15 in Fighting
 33875 | Snake:4  | Found Anaimoki's Magic Scroll Emporium.
 34060 | Snake:4  | Reached skill level 17 in Shields
 34361 | Snake:4  | Received a gift from Okawaru
 34531 | Snake:4  | Got a transparent cloak {god gift}
 34555 | Snake:4  | Identified the +0 cloak "Kyobuuwn" {rN++ Str-5 SInv} (Okawaru gifted it to you on level 4 of the Snake Pit)
 35022 | Snake:4  | Reached XP level 20. HP: 130/130 MP: 30/30
 35094 | Snake:4  | Got a serpentine rune of Zot
 35709 | Depths:1 | Entered Level 1 of the Depths
 35846 | Vaults:1 | Entered Level 1 of the Vaults
 35922 | Vaults:1 | Received a gift from Okawaru
 36113 | Vaults:1 | Found a magical portal.
 36120 | WizLab   | Entered The Roulette of Golubria
 36133 | WizLab   | Found a corrupted altar of Lugonu.
 36311 | WizLab   | Found a corrupted altar of Lugonu.
 36947 | WizLab   | Identified Golubria's Tome of Translocation
 37003 | WizLab   | Identified the +3 cloak of Linidil {rN+} (You found it in a wizard's laboratory)
 37007 | WizLab   | Identified the cursed +0 cloak of Beauty {Stlth+} (You found it in a wizard's laboratory)
 37011 | WizLab   | Identified the +2 cloak of Zeriogug {Str+4 Int+3} (You found it in a wizard's laboratory)
 37346 | WizLab   | Paralysed by accursed screaming for 1 turns
 37611 | WizLab   | Learned a level 2 spell: Blink
 37938 | Vaults:1 | Reached skill level 1 in Translocations
 38452 | Vaults:1 | Reached skill level 18 in Shields
 38504 | Vaults:1 | Received a gift from Okawaru
 38618 | Vaults:1 | Reached skill level 15 in Polearms
 38791 | Vaults:1 | Paralysed by a great orb of eyes for 5 turns
 38957 | Vaults:1 | Received a gift from Okawaru
 39380 | Vaults:2 | Found a staircase to the Crypt.
 39418 | Vaults:2 | Received a gift from Okawaru
 39418 | Vaults:2 | Reached XP level 21. HP: 121/137 MP: 32/32
 39656 | Vaults:2 | Noticed Bai Suzhen
 39716 | Vaults:2 | Killed Bai Suzhen
 39865 | Vaults:2 | Received a gift from Okawaru
 40302 | Vaults:2 | Received a gift from Okawaru
 40806 | Vaults:3 | Noticed emerson's ghost (adept GrFi)
 40848 | Vaults:3 | Killed emerson's ghost
 41025 | Vaults:3 | Paralysed by a great orb of eyes for 4 turns
 41071 | Vaults:3 | Noticed Saint Roka
 41105 | Vaults:3 | Killed Saint Roka
 41106 | Vaults:3 | Noticed Nikola
 41134 | Vaults:3 | Killed Nikola
 41272 | Vaults:3 | Found Zienuhel's Armour Boutique.
 41753 | Vaults:3 | Received a gift from Okawaru
 42281 | Vaults:3 | Reached skill level 5 in Translocations
 42846 | Vaults:4 | Reached XP level 22. HP: 57/145 MP: 34/34
 43221 | Vaults:4 | Reached skill level 19 in Shields
 43625 | Vaults:4 | Learned a level 6 spell: Dispersal
 44063 | Vaults:5 | Entered Level 5 of the Vaults
 44080 | Vaults:4 | Received a gift from Okawaru
 45940 | Vaults:4 | Received a gift from Okawaru
 45962 | Vaults:4 | Identified the +2 flail "Giniaf" {freeze, +Rage} (Okawaru gifted it to you on level 4 of the Vaults)
 47025 | Vaults:4 | Reached XP level 23. HP: 140/152 MP: 35/35
 47107 | Vaults:5 | Received a gift from Okawaru
 47160 | Vaults:5 | Noticed an ancient lich
 47239 | Vaults:4 | Got a crystal morningstar {drain}
 47515 | Vaults:4 | Identified the cursed +1 morningstar "Imp's Death Toll" {drain, Fragile rElec rF+ rN++} (You took it off an ironbrand convoker on level 4 of the Vaults)
 47906 | Vaults:4 | Reached skill level 15 in Maces & Flails
 47933 | Vaults:4 | Killed an ancient lich
 48802 | Vaults:5 | Got a slimy plate armour {god gift}
 48808 | Vaults:4 | Identified the +0 plate armour of Dishonesty {+Blink} (Okawaru gifted it to you on level 5 of the Vaults)
 49013 | Vaults:5 | Reached skill level 20 in Shields
 49030 | Vaults:5 | Got a heavily runed golden amulet
 49047 | Vaults:4 | Identified the amulet "Hycy" {+Rage rC++ Str+3 Int+2} (You took it off a yaktaur on level 5 of the Vaults)
 49721 | Vaults:5 | Received a gift from Okawaru
 49728 | Vaults:5 | Got a silver rune of Zot
 49842 | Vaults:5 | Got a pair of bloodstained gloves
 49853 | Vaults:5 | Identified the +0 pair of gloves "Jace" {SInv Stlth+} (You found it on level 5 of the Vaults)
 49986 | Vaults:5 | Noticed Margery
 50012 | Vaults:5 | Killed Margery
 50563 | Vaults:5 | Identified the Papyrus of Spatial Companions
 50851 | Depths:1 | Found Vigaxt Cyngo's Jewellery Emporium.
 51157 | Depths:1 | Received a gift from Okawaru
 51195 | Depths:1 | Identified the +1 spear of Mowow {antimagic, -Tele +Rage Str+8 Dex+6} (Okawaru gifted it to you on level 1 of the Depths)
 51264 | Depths:1 | Found a gateway to Hell.
 51336 | Depths:1 | Found a one-way gate leading to the halls of Pandemonium.
 51366 | Depths:1 | Found a gateway to a ziggurat.
 51647 | Depths:1 | Noticed a juggernaut
 51668 | Depths:1 | Killed a juggernaut
 51668 | Depths:1 | Reached XP level 24. HP: 106/160 MP: 36/36
 52673 | Depths:1 | Received a gift from Okawaru
 53379 | Depths:2 | Reached skill level 10 in Translocations
 53633 | Depths:2 | Reached skill level 10 in Spellcasting
 53953 | Depths:2 | Received a gift from Okawaru
 54353 | Depths:3 | Noticed a juggernaut
 55101 | Depths:2 | Killed a juggernaut
 55101 | Depths:2 | Received a gift from Okawaru
 55369 | Depths:3 | Noticed a caustic shrike
 55369 | Depths:3 | a golden dragon changed into a caustic shrike
 55376 | Depths:3 | a caustic shrike changed into a golden dragon
 55380 | Depths:3 | Noticed a caustic shrike
 55380 | Depths:3 | an acid blob changed into a caustic shrike
 55384 | Depths:3 | a caustic shrike changed into a sphinx
 55569 | Depths:3 | Noticed a juggernaut
 55587 | Depths:3 | Killed a juggernaut
 55587 | Depths:3 | Reached skill level 21 in Shields
 55587 | Depths:3 | Reached XP level 25. HP: 101/168 MP: 37/37
 55628 | Depths:3 | Paralysed by a floating eye for 4 turns
 55798 | Depths:3 | Found Meulez's Gadget Shoppe.
 56358 | Depths:3 | Received a gift from Okawaru
 57256 | Depths:4 | Received a gift from Okawaru
 57460 | Depths:4 | Received a gift from Okawaru
 57630 | Depths:4 | Got a sparkling granite ring
 57633 | Depths:4 | Identified the ring of Bozil {rElec rF+ rC+ rN+ Str+3} (You found it on level 4 of the Depths)
 58522 | Depths:4 | Identified Ycom's Handbook of Enthralling Confrontation
 58598 | Depths:4 | Found a one-way gate to the infinite horrors of the Abyss.
 59227 | Depths:5 | Entered Level 5 of the Depths
 59469 | Depths:5 | Reached XP level 26. HP: 162/175 MP: 31/38
 59478 | Depths:5 | Paralysed by a great orb of eyes for 4 turns
 59621 | Depths:5 | Found a gate to the Realm of Zot.
 59638 | Depths:5 | Received a gift from Okawaru
 59761 | Depths:5 | Found a portal to a secret trove of treasure.
 59771 | Depths:5 | You paid a toll of 8 potions of agility to enter a treasure trove
 59772 | Trove    | Entered a treasure trove
 59877 | Trove    | Got a scorched silver ring
 59886 | Trove    | Got a pitted tin ring
 59898 | Trove    | Identified the ring of Sofyck {+Blink rN+ MR+ MP-9 Str+5} (You found it in a treasure trove)
 59899 | Trove    | Identified the ring of Qiutash {rF- rN+ Int+4 Dex+7} (You found it in a treasure trove)
 60153 | Depths:5 | Found Peopruq's Jewellery Boutique.
 60154 | Depths:5 | Found Opitenag's Gadget Emporium.
 60155 | Depths:5 | Found Dexat's Jewellery Boutique.
 60360 | Depths:5 | Got a pair of heavily runed gloves
 60371 | Depths:5 | Identified the +1 pair of gloves of Junit {rPois Int+4 Dex-5 Stlth+} (You acquired it on level 5 of the Depths)
 60981 | Elf:1    | Entered Level 1 of the Elven Halls
 61076 | Elf:1    | Reached skill level 22 in Shields
 61905 | Elf:2    | Found a huge runed gate.
 61905 | Elf:2    | Found a huge runed gate.
 61905 | Elf:2    | Found a huge runed gate.
 61905 | Elf:2    | Found a huge runed gate.
 61912 | Elf:2    | Found a huge runed gate.
 62170 | Elf:2    | Identified the +0 pair of boots of the Alphagorgon {rElec Str+5} (You found it on level 2 of the Elven Halls)
 62358 | Elf:2    | Received a gift from Okawaru
 62785 | Elf:3    | Entered Level 3 of the Elven Halls
 63066 | Elf:3    | Found Koluev's Magic Scroll Shoppe.
 63069 | Elf:3    | Found Lacuocol's Book Emporium.
 63069 | Elf:3    | Found Woneudyo's Antique Armour Shoppe.
 63072 | Elf:3    | Found Paothyja's Assorted Antiques.
 63100 | Elf:3    | Bought a scroll of enchant armour for 120 gold pieces
 63148 | Elf:3    | Found an ancient bone altar of Kikubaaqudgha.
 63347 | Elf:3    | Received a gift from Okawaru
 63929 | Elf:3    | Reached XP level 27. HP: 85/182 MP: 29/38
 64820 | Elf:3    | Got a wavering amethyst amulet
 65296 | Elf:3    | Identified the Reference Book on the Birds and Augmentations
 65409 | Elf:3    | Identified the amulet "Atruadamp" {Gourm MP-9 Str+2 Int+6} (You took it off a deep elf mage on level 3 of the Elven Halls)
 65850 | Zot:1    | Entered Level 1 of the Realm of Zot
 66858 | Zot:1    | Noticed an orb of fire
 66859 | Zot:1    | Noticed an orb of fire
 66870 | Zot:1    | Lost mutation: Your spells are a little harder to cast, but a little more powerful. [an orb of fire]
 66878 | Zot:1    | Gained mutation: Your flesh is cold resistant. (rC+) [an orb of fire]
 66885 | Zot:1    | Killed an orb of fire
 66893 | Zot:1    | Gained mutation: You are partially covered in large bone plates. (SH +4) [an orb of fire]
 66903 | Zot:1    | Gained mutation: You are dopey. (Int -2) [an orb of fire]
 66924 | Zot:1    | Gained mutation: You have supernaturally acute eyesight. (SInv) [an orb of fire]
 67224 | Zot:1    | Received a gift from Okawaru
 67411 | Zot:1    | Gained mutation: You have sharp toenails. [an orb of fire]
 67422 | Zot:1    | Killed an orb of fire
 68280 | Zot:1    | Reached skill level 23 in Shields
 68940 | Zot:1    | Reached skill level 5 in Dodging
 69500 | Zot:2    | Noticed an orb of fire
 69516 | Zot:2    | Gained mutation: You tend to lose your temper in combat. [an orb of fire]
 69521 | Zot:2    | Lost mutation: You have supernaturally acute eyesight. (SInv) [an orb of fire]
 69525 | Zot:2    | Killed an orb of fire
 70664 | Zot:2    | Received a gift from Okawaru
 71998 | Zot:2    | Identified a +0 pair of boots of running (Okawaru gifted it to you on level 1 of the Realm of Zot)
 72041 | Zot:2    | Received a gift from Okawaru
 72062 | Zot:2    | Noticed an orb of fire
 72077 | Zot:2    | Gained mutation: Scrolls take you a little longer to read. [an orb of fire]
 72081 | Zot:2    | Killed an orb of fire
 72683 | Zot:3    | Noticed Tiamat
 73854 | Zot:3    | Killed Tiamat
 74689 | Zot:3    | Received a gift from Okawaru
 74726 | Zot:3    | Identified the +8 large shield of Nuroy {Int+2} (Okawaru gifted it to you on level 3 of the Realm of Zot)
 75673 | Zot:4    | Reached skill level 24 in Shields
 75729 | Zot:4    | Noticed an orb of fire
 75739 | Zot:4    | Gained mutation: You are frail. (-10% HP) [an orb of fire]
 75743 | Zot:4    | Gained mutation: Armour fits poorly on your strangely shaped body. [an orb of fire]
 75762 | Zot:4    | Gained mutation: You often lose your temper in combat. [an orb of fire]
 75763 | Zot:4    | Killed an orb of fire
 76333 | Zot:4    | Received a gift from Okawaru
 78320 | Zot:4    | Reached skill level 15 in Spellcasting
 78412 | Zot:4    | Learned a level 8 spell: Disjunction
 78529 | Zot:5    | Entered Level 5 of the Realm of Zot
 78737 | Zot:5    | Received a gift from Okawaru
 78742 | Zot:5    | Identified the +7 morningstar of the Doomed Warrior {pain, rElec rF+ rC+ Str+4} (Okawaru gifted it to you on level 5 of the Realm of Zot)
 78879 | Zot:5    | Reached skill level 10 in Dodging
 78953 | Zot:5    | Noticed an orb of fire
 78953 | Zot:5    | Gained mutation: You expend magic power (3 MP) to strengthen your wands. [an orb of fire]
 78961 | Zot:5    | Killed from afar by an orb of fire

Vault maps used:
D:1:      saegor_arrival_simple_f
D:2:      regret_index_temple_of_mockery, nemelex_xobeh_ov_fountains_minmay,
          elyvilon_altar_4, evilmike_ruin_ashenzari
D:3:      zin_purify
D:4:      trog_book
D:5:      first_bread, kennysheep_decorative_pillar, fedhas_altar_fruit_tree
D:6:      okawaru_gym_becter, temple_hall, grunt_dithmenos_smoke_and_mirrors,
          uniq_prince_ribbit1
D:7:      kennysheep_little_box, lemuel_mausoleum_altar_kikubaaqudgha,
          uniq_duvessa
D:8:      overflow_temple_1_default, led_sif_book
D:9:      minmay_opposing_rooms, old_standard_altar, orc_0_dummy, the_bakery,
          minmay_crystal_room, minivault_19, kennysheep_generic_room_6,
          uniq_joseph
D:11:     minmay_shrinking_squares, david_lair_generic, serial_curves,
          eino_curves_03, eino_curves_03, uniq_nergalle
D:12:     portal_ice_cave_demonic_guard, basic_altar
D:13:     uniq_kirke
D:14:     david_vaults_1
D:15:     grunt_enter_depths_snipers, minmay_misc_feat_room, minivault_10
Lair:1:   worms_lemuel, grunt_megastairs_4
Lair:2:   nicolae_swamp_entry_splash_gauntlet, guppyfry_snake_entry_garden,
          nicolae_volcano_entry_vermiform
Lair:4:   infiniplex_staircase_pool_2, grunt_megastairs_3
Lair:5:   st_stairs_5, serial_bayou_pond_a
Lair:6:   hangedman_lair_in_review, slime_altar_1, minmay_lair_oklob_chamber
Swamp:1:  evilmike_swamp_ruin_rubble_2
Swamp:2:  evilmike_swamp_ruin_house_6, swamp_pool2
Swamp:3:  hangedman_swamp_pad, nicolae_swamp_dense_foliage
Swamp:4:  swamp_alternative
Snake:1:  serial_shops, nicolae_shop_stone, spider_trap, grunt_megastairs_2,
          serial_bayou_shore_b
Snake:2:  nicolae_snake_shapes, uniq_vashnia
Snake:3:  st_stairs_5
Snake:4:  snake_pit_salamanders_mu, basic_altar, serial_shops,
          nicolae_shop_waterfront, grunt_megastairs_1
Orc:1:    nicolae_orc_rich_vein, uniq_josephine, uniq_fannar
Orc:2:    grunt_orc_community_town_hall, grunt_orc_community_big_house_2,
          grunt_orc_community_big_house_1, grunt_orc_community_house_2,
          grunt_orc_community_house_3, grunt_orc_community_house_3,
          grunt_orc_community_house_1, serial_shops, nicolae_shop_trees
Elf:1:    kennysheep_underground_church
Elf:2:    serial_sigils, serial_sigils_hangedman_snap,
          serial_sigils_hangedman_scar, serial_sigils_hangedman_stare
Elf:3:    minmay_elf_hall_x, basic_altar, spider_trap,
          minmay_the_grid_triangle_9x9_rhombus_thin, minmay_shoptagon
Vaults:1: hangedman_vaults_restitches, vaults_room_grid, vaults_mumra_hex,
          grunt_vaults_funnel, nicolae_vaults_little_ls,
          nicolae_vaults_mini_display_case, ontoclasm_vaults_gateway,
          v_alt_pattern_4, hangedman_vaults_stream, vaults_room_door_hall,
          mu_enter_wizlab_6
Vaults:2: special_room_vaults, minmay_crypt_entry_simple_round,
          nicolae_vaults_little_squares_4, nicolae_vaults_little_squares_2,
          nicolae_vaults_network_quincunx, v_misc_15, hangedman_vaults_snaps,
          hangedman_vaults_locks, ontoclasm_vaults_twist, hangedman_vaults_maws,
          uniq_bai_suzhen
Vaults:3: hangedman_vaults_trim, hangedman_vaults_corner_blocks,
          vaults_room_fancy_cross, nicolae_vaults_specimen_jars, v_misc_1,
          grunt_vaults_hallway_short, nicolae_vaults_yaktaur_gun_rack,
          v_alt_pattern_2, vaults_room_semicircle, nicolae_vaults_halls_meeting,
          grunt_vaults_diagonal, serial_shops, shop_coins, uniq_saint_roka,
          uniq_nikola
Vaults:4: v_rooms_1, v_alt_pattern_1, ontoclasm_vaults_eye,
          hangedman_vaults_unwind, hangedman_vaults_cutoff,
          hangedman_vaults_stretched_pinwheel, vaults_room_door_ring,
          grunt_vaults_trifunnel, nicolae_vaults_theta, vaults_room_fours,
          vaults_room_hallway, serial_ice_h
Vaults:5: serial_shops, uniq_margery
Depths:1: enter_ziggurat_b, hangedman_coc_ice_floe, rand_demon_pan_entry_3,
          kennysheep_minor_cross, serial_shops, shop, lightli_minifort
Depths:2: minmay_expanding_circles, serial_column_ruins,
          column_ruins_portal_squares, hangedman_abyss_or_decor_lesser_grid,
          hell_entry, firewood_loft, infiniplex_staircase_pillars_3b
Depths:3: nicolae_legendary_halls, grunt_decor_clamped, serial_shops, shop,
          hell_entry, rand_demon_pan_entry_8, hangedman_glass_teeth,
          infiniplex_staircase_star
Depths:4: radiant_caverns_b_rkd, abyss_entry, hell_entry
Depths:5: grunt_zot_entry_funnels, wad_floor_pattern_2, hell_entry,
          nicolae_trove_entry_columns, minmay_shop_grove, serial_bayou_shore_b,
          serial_bayou_shore_b
Zot:1:    kennysheep_ambush_hall
Zot:2:    lemuel_draconian_sentries, hangedman_player_shredder
Zot:3:    uniq_tiamat
Zot:4:    lemuel_halls_of_wrath, grunt_ministairs_12
Trove:    trove_simple
IceCv:    ice_cave_small_giant
Volcano:  volcano_aerie
WizLab:   wizlab_golubria

Skill      XL: |  1  2  3  4  5  6  7  8  9 10 11 12 13 14 15 16 17 18 19 20 21 22 23 24 25 26 27 |
---------------+----------------------------------------------------------------------------------+-----
Shields        | 4 5 6 7 9 10 11 12 13 14 15 16 17 18 19 20 21 22 24 | 24.5
Armour         | 4 5 6 7 9 10 11 12 13 14 15 16 17 18 19 20 21 23 | 23.8
Maces & Flails | 3 4 5 7 9 11 12 13 14 15 16 18 | 18.0
Fighting       | 4 5 6 7 8 9 11 12 13 14 15 16 17 18 19 20 21 23 | 23.3
Dodging        | 1 2 10 | 10.0
Stealth        | 1 |  1.2
Polearms       | 5 8 10 11 12 13 14 15 16 17 18 | 18.4
Evocations     | 4 5 6 7 |  7.5
Conjurations   | 1 |  1.2
Spellcasting   | 1 3 4 5 6 7 8 9 10 11 15 | 15.1
Translocations | 3 5 7 9 10 12 14 | 14.5
Air Magic      | |  0.5
Poison Magic   | |  0.2

Action                   |  1- 3 |  4- 6 |  7- 9 | 10-12 | 13-15 | 16-18 | 19-21 | 22-24 | 25-27 || total
-------------------------+-------+-------+-------+-------+-------+-------+-------+-------+-------++-------
Melee: Flail             |   241 |   149 |   128 |       |       |       |       |       |       ||   518
       Morningstar       |       |       |   422 |   296 |   284 |    35 |       |       |       ||  1037
       Trident           |       |       |       |   525 |  1255 |  2103 |  2422 |  2414 |  4955 || 13674
       Demon whip        |       |       |       |       |       |       |    32 |       |       ||    32
 Cast: Blink             |       |       |       |       |       |       |     3 |       |    16 ||    19
       Dispersal         |       |       |       |       |       |       |       |       |     6 ||     6
 Abil: Fly               |       |       |       |       |     1 |       |       |       |     1 ||     2
       Evoke Invisibilit |       |       |       |       |       |       |     1 |       |       ||     1
       Stop Flying       |       |       |       |       |       |       |       |     1 |       ||     1
Evoke: Wand              |       |       |    13 |       |       |       |       |       |       ||    13
  Use: Scroll            |     6 |     2 |     9 |     8 |    15 |    11 |    16 |    16 |    33 ||   116
       Potion            |     4 |     5 |     7 |     9 |       |     3 |     8 |     5 |    13 ||    54
 Stab: Petrified         |       |       |       |       |     2 |       |       |       |       ||     2
       Distracted        |       |       |       |       |       |       |       |     1 |     3 ||     4
  Eat: Chunk             |     5 |     4 |    15 |    22 |    20 |    26 |    32 |    39 |    55 ||   218
       Royal jelly       |       |       |     2 |       |       |       |     2 |       |     1 ||     5
       Bread ration      |       |       |     1 |       |       |       |       |       |       ||     1
       Fruit             |       |       |     1 |       |       |       |       |       |     1 ||     2
       Meat ration       |       |       |       |     1 |     2 |     1 |       |     1 |     5 ||    10
Armor: Scale mail        |   145 |    58 |       |       |       |       |       |       |       ||   203
       Chain mail        |       |     7 |       |       |       |       |       |       |       ||     7
       Plate armour      |       |    50 |   515 |   521 |   950 |    84 |       |       |       ||  2120
       Storm dragon scal |       |       |       |       |       |   537 |   482 |   777 |  1282 ||  3078
       Crystal plate arm |       |       |       |       |       |       |       |     5 |       ||     5
Dodge: Dodged            |    82 |    31 |   155 |   154 |   334 |   384 |   354 |   474 |   737 ||  2705
Block: Shield            |   135 |    62 |   372 |   451 |   742 |       |       |       |       ||  1762
       Large shield      |       |       |       |       |   459 |  2341 |  2140 |  2828 |  4358 || 12126
